 Dungeon Crawl Stone Soup version 0.32-a0-473-gd044c6f0f0 (webtiles) character file.

Game seed: 18018725912109685052

205 cforsyth the Chopper (level 5, 0/42 HPs)
             Began as a Coglin Gladiator on Feb 25, 2024.
             Was an Initiate of the Shining One.
             Slain by a gnoll
             ... wielding a +0 halberd
              (6 damage)
             ... on level 4 of the Dungeon.
             The game lasted 00:04:23 (3190 turns).

cforsyth the Chopper (Coglin Gladiator)             Turns: 3190, Time: 00:04:23

Health: 0/42       AC: 12    Str: 16    XL:     5   Next: 83%
Magic:  5/5        EV: 12    Int: 10    God:    the Shining One [......]
Gold:   260        SH:  0    Dex: 19    Spells: 4/4 levels left

rFire   . . .        a - +0 war axe {Isabel}
rCold   . . .        (no shield)
rNeg    . . .        m - +5 ring mail of Absolutism {*Corrode Int+3 Dex+3}
rPois   .            c - +0 helmet
rElec   .            (no cloak)
rCorr   .            (no gloves)
SInv    .            k - +0 pair of boots
Will    .....        (no amulet)
Stlth   +            (ring unavailable)
HPRegen 0.27/turn    (ring unavailable)
MPRegen 0.09/turn

%: corrode self (3%)
@: glowing, revved
A: off-hand wielding, slow wielding, warmup strikes, no rings
a: Renounce Religion


You were on level 4 of the Dungeon.
You worshipped the Shining One.
The Shining One was noncommittal.
You visited 2 branches of the dungeon, and saw 5 of its levels.

You collected 260 gold pieces.


Innate Abilities, Weirdness & Mutations

You can wield a second weapon in your off-hand.
It takes a long time for you to wield or remove held weapons.
Your first few attacks do less damage.
Your grasper-arms cannot wear rings.


   Skills:
 + Level 3.7 Fighting
 + Level 4.3 Axes
 - Level 1.7 Throwing
 + Level 2.5 Armour
 - Level 2.6 Dodging


You had 4 spell levels left.
You didn't know any spells.
Your spell library contained the following spells:

 Spells                   Type           Power      Damage    Failure   Level
 Apportation              Tloc           0%         N/A       56%         1
 Necrotise                Necr           0%         1d4       56%         1
 Shock                    Conj/Air       0%         1d3       56%         1
 Sting                    Conj/Alch      0%         1d3       56%         1
 Summon Small Mammal      Summ           0%         N/A       56%         1
 Swiftness                Air            0%         N/A       91%         3
 Airstrike                Air            0%         2d(0-16)  100%        4

Inventory:

Hand Weapons
 a - a +0 war axe (weapon) {Isabel}
Missiles
 d - 3 throwing nets (quivered) {=f}
 e - a javelin
Armour
 b - a +0 leather armour
 c - a +0 helmet (worn)
 k - a +0 pair of boots (worn)
 m - the +5 ring mail of Absolutism (worn) {*Corrode Int+3 Dex+3}
   (You found it on level 2 of the Dungeon)

   Int+3:     It affects your intelligence (+3).
   Dex+3:     It affects your dexterity (+3).
   *Corrode:  It may corrode you when you take damage.
Magical Staves
 s - a staff of fire {!a}
Wands
 q - a wand of digging (8)
Scrolls
 f - 4 scrolls of poison {unknown}
 g - 2 scrolls of identify {unknown}
 h - 3 scrolls of teleportation {unknown}
 n - 3 scrolls of blinking {unknown}
 o - a scroll of fog {unknown}
 p - 2 scrolls of fear {unknown}
 t - a scroll of enchant armour {unknown}
Potions
 i - a potion of curing {unknown}
 j - a potion of resistance {unknown}
 l - 2 potions of heal wounds {unknown}
 r - a potion of degeneration {unknown}
 u - 2 potions of magic {unknown}
 v - a potion of mutation {unknown}

Dungeon Overview and Level Annotations

Branches:
Dungeon (4/15)             Temple (1/1) D:4

Altars:
Ashenzari
Cheibriados
Dithmenos
Elyvilon
Fedhas
Gozag
Hepliaklqana
Kikubaaqudgha
Makhleb
Nemelex Xobeh
Okawaru
Qazlal
Vehumet
Wu Jian
Xom
Yredelemnul
Zin
The Shining One

Shops:
D:1 : D:2

: ▒.......▒...#.# #....
▒..$....▒...#.# #.###
+.......+...#.# #.#
▒.......▒...#.# #.#
▒.......▒##.#.# #.# ▒...[...▒
#.#.# #.# ▒g▒ #.#.# #.# #h#
#.#.# #.# #@# #.#.# #.#
############.# #.#.# #.#
#............# #.#.# #.#
#.############ #.#.###.#
#.#################.#..##.#
#......................##.###
###################.▒..##....
#....###### #.⚑..#


You could see a black bear and a gnoll.


Message History

The black bear bites you but does no damage.
The black bear claws you but does no damage. x2
The gnoll misses you.
Unknown command.
You hit the black bear.
The black bear is heavily wounded.
The black bear bites you.
The black bear claws you but does no damage. x2
The gnoll hits you from afar with a +0 halberd.
* * * LOW HITPOINT WARNING * * *
The black bear bites you.
* * * LOW HITPOINT WARNING * * *
The black bear claws you but does no damage.
The black bear closely misses you. The gnoll barely misses you.
You hit the black bear.
The black bear is severely wounded.
The black bear bites you.
* * * LOW HITPOINT WARNING * * *
The black bear misses you.
The black bear claws you but does no damage.
The gnoll hits you from afar with a +0 halberd.
* * * LOW HITPOINT WARNING * * *
You hit the black bear but do no damage.
The black bear is severely wounded.
The black bear bites you.
* * * LOW HITPOINT WARNING * * *
The black bear claws you but does no damage.
The black bear closely misses you.
The gnoll hits you from afar with a +0 halberd.
You die...

Skill      XL: |  1  2  3  4 |
---------------+-------------+-----
Armour         | 1 2 |  2.5
Fighting       | 3 |  3.7
Axes           | 4 |  4.3
Throwing       | |  1.7
Dodging        | |  2.6

Action                     |  1- 3 |  4- 6 || total
---------------------------+-------+-------++-------
  Melee: War axe           |    71 |   108 ||   179
   Stab: Sleeping          |       |     1 ||     1
 Armour: Leather armour    |    48 |    14 ||    62
         Ring mail         |       |    90 ||    90
  Dodge: Dodged            |    59 |    92 ||   151

Levels and vault maps discovered:
D:1:      dpeg_arrival_stone_temple_mockup, layout_basic,
          ebering_dispersal_statue_hall
D:2:      layout_rooms, serial_shops, shop
D:3:      layout_basic, lemuel_crystal_altar, amcnicky_mini_rare_corridor_liquid
D:4:      layout_basic, mainiacjoe_overflow_tiny_flanked,
          minmay_temple_entry_slanted, kennysheep_generic_room_8
Temple:   nicolae_temple_bog_church

Notes
Turn   | Place    | Note
-------+----------+-------------------------------------------
     0 | D:1      | cforsyth the Coglin Gladiator began the quest for the Orb.
     0 | D:1      | Reached XP level 1. HP: 16/16 MP: 1/1
   151 | D:1      | Reached XP level 2. HP: 15/22 MP: 2/2
   456 | D:1      | Reached skill level 1 in Armour
   460 | D:1      | Reached XP level 3. HP: 25/28 MP: 3/3
   742 | D:2      | Reached skill level 3 in Fighting
   742 | D:2      | Reached XP level 4. HP: 17/35 MP: 4/4
   842 | D:2      | Found Ikiumeig's Book Emporium.
   868 | D:2      | Identified the +5 ring mail of Absolutism {*Corrode Int+3
                  | Dex+3}
  1045 | D:2      | Reached skill level 2 in Armour
  1202 | D:1      | Reached skill level 4 in Axes
  1202 | D:1      | Reached XP level 5. HP: 34/41 MP: 5/5
  1566 | D:2      | Found Ikiumeig's Book Emporium.
  2058 | D:3      | Found a broken altar of Ashenzari.
  2584 | D:4      | Found a staircase to the Ecumenical Temple.
  2698 | Temple   | Entered the Ecumenical Temple
  2722 | Temple   | Became a worshipper of the Shining One
  3128 | D:4      | Found a sparkling altar of Nemelex Xobeh.
  3178 | D:4      | Noticed a black bear
  3190 | D:4      | Slain by a gnoll

Vanquished Creatures
  A jelly (D:4)
  An orc priest (D:2)
  3 gnolls (D:1)
  3 adders
  A shadow imp (D:3)
  2 dart slugs (D:1)
  A ribbon worm (D:2)
  5 orcs (D:2)
  3 bats
  An endoplasm (D:2)
  5 giant cockroaches
  6 goblins
  5 hobgoblins
  4 jackals
  2 quokkas (D:2)
  9 ball pythons
  5 frilled lizards
  8 kobolds
  5 rats
70 creatures vanquished.

Table legend: (Time is in decaauts)
 A = Elapsed time spent in this place.
 B = Non-inter-level travel time spent in this place.
 C = Inter-level travel time spent in this place.
 D = Time resting spent in this place.
 E = Time spent auto-exploring this place.
 F = Levels seen in this place.
 G = Mean time per level.
                   A        B        C        D        E       F      G
               +--------+--------+--------+--------+--------+-----+--------+
         Total |   3250 |   3121 |    129 |    345 |   2184 |   5 |  650.0 |
       Dungeon |   3209 |   3096 |    113 |    345 |   2184 |   4 |  802.2 |
        Temple |     41 |     25 |     16 |      0 |      0 |   1 |   41.0 |
               +--------+--------+--------+--------+--------+-----+--------+

Top non-repeatable levels by time:
     D:2: 959 daAuts
     D:1: 918 daAuts
     D:4: 722 daAuts
     D:3: 608 daAuts
  Temple: 41 daAuts

Table legend:
 A = Non-vault XP
 B = Vault XP
 C = Vault XP percentage of total XP
 D = Non-vault monster count
 E = Vault monster count
 F = Vault count percentage of total count
                 A         B        C        D         E       F
            +---------+---------+-------+---------+---------+-------
      Total |     294 |       0 |   0.0 |      70 |       0 |   0.0
            +---------+---------+-------+---------+---------+-------
        D:1 |      81 |       0 |   0.0 |      25 |       0 |   0.0
        D:2 |     121 |       0 |   0.0 |      28 |       0 |   0.0
        D:3 |      31 |       0 |   0.0 |      13 |       0 |   0.0
        D:4 |      61 |       0 |   0.0 |       4 |       0 |   0.0
            +---------+---------+-------+---------+---------+-------
